 Dungeon Crawl Stone Soup version 0.31.0-11-ge490571c62 (webtiles) character file.

Game seed: 1374859237198251264

82 qw the Shooter (level 4, 0/25 HPs)
             Began as a Deep Elf Hunter on Feb 3, 2024.
             Slain by a gnoll
             ... wielding a +0 spear
              (4 damage)
             ... on level 3 of the Dungeon.
             The game lasted 00:00:07 (1398 turns).

qw the Shooter (Deep Elf Hunter)                    Turns: 1398, Time: 00:00:07

Health: 0/25       AC:  3    Str: 10    XL:     4   Next: 21%
Magic:  6/6        EV: 12    Int: 14    God:
Gold:   75         SH:  0    Dex: 18    Spells: 3/3 levels left

rFire   . . .        a - +1 shortbow
rCold   . . .        (shield currently unavailable)
rNeg    . . .        c - +0 leather armour
rPois   .            (no helmet)
rElec   .            (no cloak)
rCorr   .            (no gloves)
SInv    .            (no boots)
Will    .....        (no amulet)
Stlth   ++           (no ring)
HPRegen 0.24/turn    (no ring)
MPRegen 0.10/turn

%: no passive effects
@: no status effects
A: no striking features
a: no special abilities


You were on level 3 of the Dungeon.
You visited 1 branch of the dungeon, and saw 3 of its levels.

You collected 75 gold pieces.


   Skills:
 - Level 1.5 Fighting
 + Level 7.6 Ranged Weapons
 - Level 2.4 Dodging
 - Level 1.2 Stealth


You had 3 spell levels left.
You didn't know any spells.
Your spell library was empty.

Inventory:

Hand Weapons
 a - a +1 shortbow (weapon)
Armour
 c - a +0 leather armour (worn)
 h - a +0 pair of gloves
Jewellery
 f - a ring of magical power
Potions
 b - a potion of enlightenment {unknown}
 d - a potion of ambrosia {unknown}
 e - a potion of heal wounds {unknown}
 g - a potion of curing

Dungeon Overview and Level Annotations

Branches:
Dungeon (3/15)

Altars:

Shops:
D:2 [=:


Message History

The gnoll barely misses you.
You shoot an arrow. The arrow hits the gnoll.
The gnoll is moderately wounded.
The gnoll barely misses you.
You shoot an arrow.
The arrow hits the gnoll but does no damage.
The gnoll is moderately wounded.
The gnoll barely misses you.
You shoot an arrow. The arrow barely misses the gnoll.
The arrow hits the gnoll.
The gnoll is lightly wounded.
The gnoll misses you.
You shoot an arrow.
The arrow hits the gnoll but does no damage.
The gnoll is moderately wounded.
The gnoll closely misses you.
You shoot an arrow.
The arrow hits the gnoll but does no damage.
The gnoll is moderately wounded.
The gnoll closely misses you.
You shoot an arrow. The arrow hits the gnoll!
You kill the gnoll!
You have reached level 4!
You feel clever.
You shoot an arrow.
The arrow hits the gnoll but does no damage.
The gnoll is lightly wounded.
The gnoll hits you from afar with a +0 halberd.
You shoot an arrow. The arrow hits the gnoll!
The gnoll is severely wounded.
The gnoll completely misses you. The gnoll closely misses you.
You shoot an arrow. The arrow hits the gnoll.
The gnoll is almost dead.
The gnoll misses you.
You shoot an arrow. The arrow closely misses the gnoll. x2
The gnoll hits you from afar with a +0 halberd!
You shoot an arrow. The arrow hits the gnoll!
You kill the gnoll!
You shoot an arrow. The arrow hits the gnoll.
The gnoll is moderately wounded.
The gnoll hits you from afar with a +0 spear.
You die...

##
#.#####..##
..........#
..#####...#
..#####...#
...[)....#
.######..#
#....#
#....#
####@# #.#
#g# #.# ..#
#.# ..# ..#


You could see a gnoll.

Vanquished Creatures
  3 gnolls (D:3)
  An adder (D:3)
  A dart slug (D:3)
  4 orcs (D:3)
  A ball python (D:2)
  5 bats
  4 endoplasms
  2 goblins (D:1)
  5 hobgoblins
  3 kobolds (D:1)
  2 quokkas
  2 frilled lizards
  4 rats (D:1)
37 creatures vanquished.

Notes
Turn   | Place    | Note
-------+----------+-------------------------------------------
     0 | D:1      | qw the Deep Elf Hunter began the quest for the Orb.
     0 | D:1      | Reached XP level 1. HP: 12/12 MP: 3/3
     0 | D:1      | 0 ||| qw: Version: 0.3-a-155-g5e7d8dd
     0 | D:1      | 0 ||| qw: Game counter: 3141
     0 | D:1      | 0 ||| qw: Melee chars always use a shield: true
     0 | D:1      | 0 ||| qw: God list: Okawaru
     0 | D:1      | 0 ||| qw: Allow faded altars: false
     0 | D:1      | 0 ||| qw: Do Orc after clearing Dungeon:15 true
     0 | D:1      | 0 ||| qw: Do second Lair branch before Depths: true
     0 | D:1      | 0 ||| qw: Lair rune preference: random
     0 | D:1      | 0 ||| qw: Goals: Normal
     0 | D:1      | 0 ||| PLANNING D:1-11
   313 | D:1      | Reached skill level 6 in Ranged Weapons
   313 | D:1      | Reached XP level 2. HP: 15/16 MP: 4/4
   577 | D:1      | 577 ||| READING 4 scrolls labelled JIOLIAVECO.
   578 | D:1      | 578 ||| READING scroll labelled SUSMOMM PITEKI.
   579 | D:1      | 579 ||| READING scroll labelled ILIHEJ UQANE.
   579 | D:1      | 579 ||| ENCHANTING +0 shortbow.
   580 | D:1      | 580 ||| READING scroll labelled YCRUKK RORI.
   580 | D:1      | 580 ||| IDENTIFYING murky pink potion
   581 | D:1      | 581 ||| DROPPING scroll of butterflies.
   582 | D:1      | 582 ||| DROPPING 3 scrolls of immolation.
   627 | D:2      | Found Biusuf's Armour Emporium.
   638 | D:2      | 638 ||| SHOPLISTING +0 ring mail (44 gold, have 33).
   638 | D:2      | 638 ||| SHOPLISTING +0 ring mail of poison resistance (88
                  | gold, have 33).
   681 | D:2      | Found Miumayky's Jewellery Boutique.
   688 | D:2      | 688 ||| SHOPLISTING +6 ring of dexterity (360 gold, have
                  | 33).
   688 | D:2      | 688 ||| SHOPLISTING amulet of regeneration (300 gold, have
                  | 33).
   688 | D:2      | 688 ||| SHOPLISTING amulet of the acrobat (300 gold, have
                  | 33).
   688 | D:2      | 688 ||| SHOPLISTING ring of poison resistance (200 gold,
                  | have 33).
   688 | D:2      | 688 ||| SHOPLISTING ring of positive energy (200 gold, have
                  | 33).
   698 | D:2      | Found Uleptuo's Book Boutique.
  1221 | D:3      | Reached XP level 3. HP: 20/20 MP: 5/5
  1282 | D:3      | Reached skill level 7 in Ranged Weapons
  1393 | D:3      | Reached XP level 4. HP: 16/25 MP: 6/6
  1396 | D:3      | HP: 3/25 [gnoll/+0 halberd (8)]
  1398 | D:3      | Slain by a gnoll

Levels and vault maps discovered:
D:1:      minmay_arrival_doors, layout_loops_ring
D:2:      layout_basic, serial_shops, nicolae_book_shop_shelving, shop, shop
D:3:      layout_loops_ring

Skill      XL: |  1  2  3 |
---------------+----------+-----
Ranged Weapons | 6 7 |  7.6
Fighting       | |  1.5
Dodging        | |  2.4
Stealth        | |  1.2

Action                     |  1- 3 |  4- 6 || total
---------------------------+-------+-------++-------
   Fire: Shortbow          |   113 |     6 ||   119
    Use: Scroll            |     4 |       ||     4
 Armour: Leather armour    |    21 |     3 ||    24
  Dodge: Dodged            |    30 |     3 ||    33

Table legend:
 A = Non-vault XP
 B = Vault XP
 C = Vault XP percentage of total XP
 D = Non-vault monster count
 E = Vault monster count
 F = Vault count percentage of total count
                 A         B        C        D         E       F
            +---------+---------+-------+---------+---------+-------
      Total |     118 |       0 |   0.0 |      37 |       0 |   0.0
            +---------+---------+-------+---------+---------+-------
        D:1 |      27 |       0 |   0.0 |      18 |       0 |   0.0
        D:2 |      13 |       0 |   0.0 |       7 |       0 |   0.0
        D:3 |      78 |       0 |   0.0 |      12 |       0 |   0.0
            +---------+---------+-------+---------+---------+-------
